 Dungeon Crawl Stone Soup version 0.28.0-45-g0d030f2227 (webtiles) character file.

Game seed: 16699901533962122620

21 protoss039 the Digger (level 2, -2/21 HPs)
             Began as a Demonspawn Earth Elementalist on May 18, 2022.
             Succumbed to a goblin's poison
             ... on level 1 of the Dungeon.
             The game lasted 00:01:23 (1117 turns).

protoss039 the Digger (DsEE)                        Turns: 1117, Time: 00:01:24

Health: -2/21      AC:  8    Str:  8    XL:     2   Next: 65%
Magic:  5/5        EV:  1    Int: 16    God:
Gold:   15         SH: 11    Dex: 13    Spells: 4/5 levels left

rFire   . . .      SeeInvis .   e - +0 whip
rCold   . . .      Faith    .   g - +0 kite shield
rNeg    . . .      Spirit   +   f - +0 chain mail
rPois   .          Reflect  .   (no helmet)
rElec   .          Harm     .   (no cloak)
rCorr   .          Rampage  .   (no gloves)
Will    .....                   (no boots)
Stlth   ..........              a - amulet of guardian spirit
HPRegen 0.07/turn               (no ring)
MPRegen 0.09/turn               (no ring)

@: lethally poisoned (-2 -> -16), invisible
A: large bone plates 1
a: no special abilities


You were on level 1 of the Dungeon.
You visited 1 branch of the dungeon, and saw 1 of its levels.

You collected 15 gold pieces.

Inventory:

Hand Weapons
 e - a +0 whip (weapon)
Missiles
 c - 57 stones
Armour
 b - a +0 robe
 f - a +0 chain mail (worn)
 g - a +0 kite shield (worn)
Jewellery
 a - an amulet of guardian spirit (around neck)
Scrolls
 d - a scroll of identify
 i - a scroll of silence


   Skills:
 * Level 1.6 Fighting
 - Level 1.7 Dodging
 - Level 1.7 Stealth
 + Level 2.2 Spellcasting
 - Level 1.0 Transmutations
 + Level 2.9 Earth Magic


You had 4 spell levels left.
You knew the following spells:

 Your Spells              Type           Power      Damage    Failure   Level
a - Sandblast             Erth           22%        2d7       100%        1

Your spell library contained the following spells:

 Spells                   Type           Power      Damage    Failure   Level
 Passwall                 Tmut/Erth      6%         N/A       100%        2
 Dazzling Flash           Conj/Hex       2%         N/A       100%        3
 Stone Arrow              Conj/Erth      12%        3d7       100%        3
 Petrify                  Tmut/Erth      8%         N/A       100%        4
 Agony                    Necr           1%         N/A       100%        5
 Silence                  Hex/Air        0%         N/A       100%        5


Dungeon Overview and Level Annotations

Branches:
Dungeon (1/15)

Altars:


Innate Abilities, Weirdness & Mutations

You are partially covered in large bone plates. (SH +4)


Message History

Found 2 datura-tipped darts.
No target in view!
A goblin comes into view. It is wielding a +2 dagger of venom.
The goblin shouts!
You hit the goblin but do no damage. The goblin hits you but does no damage.
You are poisoned.
A goblin is nearby!
You hit the goblin.
The goblin is heavily wounded.
You feel very sick. The goblin hits you but does no damage.
You are more poisoned.
The goblin hits you but does no damage.
You are lethally poisoned!
Unknown command.
Unknown command.
Okay, then.
You closely miss the goblin.
The goblin is heavily wounded.
You feel very sick. The goblin hits you but does no damage.
You are more poisoned.
Unknown command.
Unknown command.
You hit the goblin.
You kill the goblin!
* * * LOW HITPOINT WARNING * * *
You feel extremely sick.
Unknown command.
Unknown command.
It was a potion of invisibility.
You fade into invisibility!
* * * LOW HITPOINT WARNING * * *
You feel very sick.
Unknown command.
Unknown command.
As you read the scroll labelled JYFEAPL YTAUSU, it crumbles to dust.
It is a scroll of identify.
i - a scroll of silence You die...

...#.#...#..##
####.##'##...##..
................#####
#'##.#####.....##.(.#
...#.#...#....## ...#
...#.'.>.#...## ...#
...#.#...#....###...#
####.#####....##....#
..............#.@...#
....####........#)..#
###.........#...#...#
#####..........##...#
..............## ####
..###........## ###
#.......##
..###.......#
#..........##


There were no monsters in sight!

Vanquished Creatures
  2 dart slugs (D:1)
  4 bats (D:1)
  2 endoplasms (D:1)
  A giant cockroach (D:1)
  2 goblins (D:1)
  A ball python (D:1)
  A frilled lizard (D:1)
  2 kobolds (D:1)
  A rat (D:1)
16 creatures vanquished.

Notes
Turn   | Place    | Note
-------+----------+-------------------------------------------
     0 | D:1      | protoss039 the Demonspawn Earth Elementalist began the
                  | quest for the Orb.
     0 | D:1      | Reached XP level 1. HP: 13/13 MP: 3/3
    29 | D:1      | Reached skill level 1 in Transmutations
   285 | D:1      | Reached skill level 1 in Fighting
   286 | D:1      | Gained mutation: You are partially covered in large bone
                  | plates. (SH +4) [demonic ancestry]
   286 | D:1      | Reached XP level 2. HP: 7/21 MP: 0/5
  1116 | D:1      | HP: 1/21 [poisoned by a goblin]
  1117 | D:1      | Succumbed to a goblin's poison

Illustrated notes

Levels and vault maps discovered:
D:1:      minmay_arrival_four_houses, layout_rooms

Skill      XL: |  1 |
---------------+----+-----
Transmutations | 1 |  1.0
Fighting       | 1 |  1.6
Dodging        | |  1.7
Stealth        | |  1.7
Spellcasting   | |  2.2
Earth Magic    | |  2.9

Action                   || total
-------------------------++-------
Melee: Unarmed           ||    13
       Whip              ||    43
 Cast: Sandblast         ||    12
  Use: Scroll            ||     1
       Potion            ||     1
 Stab: Sleeping          ||     1
Armor: Robe              ||     5
       Chain mail        ||    42
Dodge: Dodged            ||    10
Block: Kite shield       ||    15
       Other             ||     4
